 Dungeon Crawl Stone Soup version 0.21.1-1-g345015fe64 (webtiles) character file.

670351 KamiKatze the Sorcerer (level 27, -17/134 HPs)
             Began as a Spriggan Conjurer on Feb 19, 2018.
             Was the Champion of Vehumet.
             Demolished by a death cob (27 damage)
             ... on level 1 of the Realm of Zot on Feb 22, 2018.
             The game lasted 09:51:02 (95828 turns).

KamiKatze the Sorcerer (Spriggan Conjurer)         Turns: 95828, Time: 09:51:03

Health: -17/134    AC:  9    Str:  8    XL:     27
Magic:  17/53      EV: 35    Int: 37    God:    Vehumet [******]
Gold:   7083       SH:  0    Dex: 19    Spells: 12/76 levels left

rFire    + . .     SeeInvis +   a - staff of earth
rCold    + . .     Gourm    .   (shield currently unavailable)
rNeg     + . .     Faith    .   F - +1 robe of Defence {rPois rN+ rCorr Int+3}
rPois    +         Spirit   .   M - +2 hat {Int+3}
rElec    .         Reflect  .   K - scarf {repulsion}
rCorr    +         Harm     .   (gloves unavailable)
MR       ++++.                  (boots unavailable)
Stlth    +++.......             f - amulet "Xufarch" {RegenMP rF+ rC+}
HPRegen  1.32/turn              X - +4 ring of protection
MPRegen  0.58/turn              W - ring of Hotroh {rPois Str+4 Int+4}

@: regenerating, slowed, repel missiles, quick
A: very small, unfitting armour, see invisible, herbivore, speed 3, slow
metabolism 2
}: 3/15 runes: serpentine, barnacled, silver
a: Renounce Religion


You were on level 1 of the Realm of Zot.
You worshipped Vehumet.
Vehumet was exalted by your worship.
You were not hungry.

You visited 11 branches of the dungeon, and saw 50 of its levels.
You also visited: Labyrinth, Ossuary, Bailey and Ice Cave.

You collected 8131 gold pieces.
You spent 1048 gold pieces at shops.

Inventory:

Missiles
 N - 10 throwing nets (quivered)
Armour
 F - the +1 robe of Defence (worn) {rPois rN+ rCorr Int+3}
   (You bought it in a shop on level 10 of the Dungeon)

   It affects your intelligence (+3).
   It protects you from poison.
   It protects you from negative energy.
   It protects you from acid and corrosion.
 K - a scarf of repulsion (worn)
 M - a +2 hat of intelligence (worn)
Magical Staves
 a - an uncursed staff of earth (weapon)
 S - an uncursed staff of energy
Jewellery
 f - the amulet "Xufarch" (around neck) {RegenMP rF+ rC+}
   (You found it on level 2 of the Shoals)

   [amulet of magic regeneration]

   It increases your magic regeneration.
   It protects you from fire.
   It protects you from cold.
 j - a cursed amulet of inaccuracy {unknown}
 p - an uncursed ring of protection from cold
 I - an uncursed ring of ice
 O - the amulet of the Lily {RegenMP Int+3 Dex+4 Stlth+}
   (You found it on level 6 of the Lair of Beasts)

   [amulet of magic regeneration]

   It increases your magic regeneration.
   It affects your intelligence (+3).
   It affects your dexterity (+4).
   It makes you more stealthy.
 Q - the ring of Vozic {rElec rPois MP-9 Dex+3 Stlth-}
   (You found it on level 5 of the Depths)

   [ring of loudness]

   It affects your dexterity (+3).
   It insulates you from electricity.
   It protects you from poison.
   It affects your magic capacity (-9).
   It makes you less stealthy.
 W - the ring of Hotroh (right hand) {rPois Str+4 Int+4}
   (You found it in an ice cave)

   [ring of intelligence]

   It affects your strength (+4).
   It affects your intelligence (+4).
   It protects you from poison.
 X - a +4 ring of protection (left hand)
 Y - an uncursed ring of protection from fire
Wands
 r - a wand of polymorph (56)
 w - a wand of acid (19)
 B - a wand of digging (61)
 H - a wand of clouds (25)
 J - a wand of iceblast (15)
Scrolls
 b - a scroll of amnesia
 g - 8 scrolls of fog
 l - 19 scrolls of teleportation
 n - 5 scrolls of magic mapping
 s - 13 scrolls of remove curse
 u - a scroll of holy word
 v - 6 scrolls of fear
 E - 30 scrolls of identify
 L - 7 scrolls of blinking
 T - a scroll of summoning
 U - 2 scrolls of silence
Potions
 d - 18 potions of brilliance
 e - 5 potions of invisibility
 h - 10 potions of lignification
 i - 9 potions of heal wounds
 k - 19 potions of curing
 m - a potion of mutation
 o - 8 potions of agility
 q - 3 potions of resistance
 t - 7 potions of haste
 x - 7 potions of flight
 A - 3 potions of magic
 Z - 2 potions of cancellation
Comestibles
 c - 48 rations


   Skills:
 - Level 10.6 Fighting
 - Level 19.4 Dodging
 - Level 3.0 Stealth
 + Level 25.0 Spellcasting
 + Level 21.3 Conjurations
 - Level 8.0 Hexes
 - Level 6.0 Necromancy
 - Level 6.0 Translocations
 + Level 11.4 Air Magic
 + Level 20.8 Earth Magic
 - Level 2.0 Evocations


You had 12 spell levels left.
You knew the following spells:

 Your Spells              Type           Power        Failure   Level  Hunger
a - Magic Dart            Conj           ####         0%          1    None
b - Searing Ray           Conj           ######       0%          2    None
c - Lee's Rapid Deconstr  Erth           ########..   0%          5    None
d - Iskenderun's Mystic   Conj           ########     0%          4    None
e - Fulminant Prism       Conj/Hex       ########..   0%          4    None
f - Force Lance           Conj/Tloc      #######.     0%          4    None
g - Bolt of Draining      Conj/Necr      #######...   1%          5    None
h - Iron Shot             Conj/Erth      ########..   0%          6    None
i - Lehudib's Crystal Sp  Conj/Erth      ########..   1%          8    None
j - Shatter               Erth           ########..   2%          9    ###....
k - Chain Lightning       Conj/Air       ########..   1%          8    None
s - Apportation           Tloc           ######       1%          1    None
x - Passage of Golubria   Tloc           N/A          1%          4    None
z - Regeneration          Chrm/Necr      ######....   1%          3    None


Dungeon Overview and Level Annotations

Branches:
Dungeon (15/15)            Temple (1/1) D:7            Lair (6/6) D:10
 Shoals (4/4) Lair:2        Snake (4/4) Lair:2        Slime (0/5) Lair:6
    Orc (2/2) D:11            Elf (3/3) Orc:2        Vaults (5/5) D:14
  Crypt (3/3) Vaults:3       Tomb (0/3) Crypt:3      Depths (5/5) D:15
    Zot (2/5) Depths:5

Altars:
Ashenzari
Cheibriados
Dithmenos
Elyvilon
Fedhas
Gozag
Hepliaklqana
Kikubaaqudgha
Makhleb
Nemelex Xobeh
Okawaru
Qazlal
Ru
Sif Muna
Trog
Uskayaw
Vehumet
Wu Jian
Xom
Yredelemnul
Zin
The Shining One
Beogh
Jiyva

Shops:
D:6 [   D:7 !   D:8 }   D:10 %([   D:14 %   Orc:1 [   Orc:2 *?*[(   Elf:1 ?
Elf:3 *   Vaults:4 =   Depths:1 }}   Depths:3 =

Portals:
Hell: Depths:1 Depths:2 Depths:3 Depths:4 Depths:5
Abyss: Depths:3 Depths:4 Depths:5
Pandemonium: Depths:3
Ziggurat: Depths:5

Annotations:
D:8 Ulv's ghost, novice BaFi
Depths:2 1 transporter


Innate Abilities, Weirdness & Mutations

You are very small and have problems with some larger weapons.
You are too small for most types of armour.
You have supernaturally acute eyesight. (SInv)
You are a herbivore.
You cover ground extremely quickly.
You need consume almost no food.


Message History

The death cob drains your vigour!
You feel as though you will be slow longer.
The death cob completely misses you. The death cob completely misses you.
Casting: Regeneration
Confirm with . or Enter, or press ? or * to list all spells.
Aiming: Iron Shot
Press: ? - help, Shift-Dir - straight line, f/p - death cob
Aim: a death cob (lightly damaged)
You feel a surge of power!
The iron shot misses the death cob.
The death cob hits you!!
* * * LOW HITPOINT WARNING * * *
The death cob drains your vigour!
You feel as though you will be slow longer.
The death cob barely misses you. The death cob completely misses you.
The death cob barely misses you. The death cob misses you.
The death cob hits you!!
* * * LOW HITPOINT WARNING * * *
The death cob misses you. The death cob hits you!!
You die...

#......##################
#......'.................
#......##################
#......############## #
######...................# #
#........................# #
#........................#####
#...........z.................
#......>....z@................
#...........#######...........
#...........# #....§§§....
#...........# #....§≈§....
#...).......# #....§.§§)..
####'#.####### #.....§§§##.
#.....## #........##. #.....#
#........##. #.....#
#.....#####.


You could see 2 death cobs.

Vanquished Creatures
  2 ancient liches
  Mennas (Vaults:4)
  Mara (Shoals:4)
  A juggernaut (Depths:5)
  Boris (thrice) (Vaults:3 Depths:4 Vaults:5)
  Saint Roka (Orc:2)
  3 caustic shrikes
  Bai Suzhen (Depths:1)
  Xtahua (Vaults:2)
  4 golden dragons
  Jory (Depths:4)
  An electric golem (Zot:1)
  2 bone dragons (Crypt:3)
  8 liches
  Jorgrun (Shoals:3)
  5 tentacled monstrosities
  3 quicksilver dragons
  The ghost of BrokenGlass the Earth Mage, an adept OpEE (Elf:2)
  2 deep elf blademasters (Elf:3)
  2 titans (Vaults:5)
  Polyphemus (Shoals:4)
  A deep elf master archer (Elf:3)
  Gastronok (D:11)
  A kraken (Shoals:1)
  4 death cobs (Zot:1)
  5 shadow dragons
  6 ancient champions
  8 sphinxes
  7 storm dragons
  3 tengu reavers
  Ilsuiw (Shoals:4)
  Donald (Shoals:4)
  8 nagarajas
  10 fire giants
  15 frost giants
  2 draconian knights
  Louise (Shoals:3)
  An orc warlord (Bailey)
  11 deep elf sorcerers
  2 balrugs
  13 vault wardens
  2 draconian shifters
  Aizul (Shoals:4)
  A draconian scorcher (Depths:5)
  7 deep elf elementalists
  7 ghouls (Crypt:2)
  A draconian stormcaller (Zot:1)
  3 draconian annihilators
  A curse skull (Crypt:3)
  A juggernaut skeleton (Crypt:3)
  3 caustic shrike skeletons (Crypt:3)
  20 very ugly things
  25 stone giants
  A war gargoyle (Vaults:5)
  2 entropy weavers
  7 green draconians
  8 vampire knights
  4 deep elf demonologists
  3 red draconians
  22 ironheart preservers
  3 purple draconians (Zot:1)
  2 black draconians (Zot:1)
  9 deep elf annihilators
  7 merfolk javelineers
  4 white draconians (Zot:1)
  18 ettins
  3 spark wasps
  The ghost of VanClaymore the Basher, a journeyman GrMo of Qazlal (D:14)
  15 deep elf death magi
  3 eidola
  A blizzard demon (Depths:4)
  Snorg (D:11)
  13 jiangshi
  13 yaktaur captains
  3 merfolk impalers
  4 minotaurs
  6 fire dragons
  Josephine (D:11)
  8 great orbs of eyes
  12 ogre magi
  11 deep elf high priests
  13 ice dragons
  A rakshasa (Depths:1)
  6 hydras
  13 naga warriors
  Erolcha (Orc:2)
  A spriggan air mage (Depths:5)
  16 anacondas
  An alligator snapping turtle (Shoals:4)
  The ghost of BrokenGlass the Martial Artist, a journeyman OpFi (D:10)
  41 vault guards
  Erica (D:7)
  7 merfolk aquamancers
  4 merfolk avatars
  4 catoblepae
  3 death knights
  A large abomination (Depths:5)
  9 centaur warriors
  5 deep troll shamans
  2 satyrs (Shoals:4)
  2 deep troll earth magi
  43 two-headed ogres
  4 death yaks
  14 vampire magi
  A tengu warrior (Depths:3)
  33 dancing weapons
  2 orc high priests
  7 shock serpents
  5 soul eaters
  13 naga sharpshooters
  3 spriggan berserkers
  2 sun demons (Depths:2)
  5 titan skeletons (Crypt:3)
  A fire crab (shapeshifter) (D:14)
  6 hell knights
  3 iron trolls (Depths:5)
  Sonja (D:11)
  8 salamander mystics
  21 deep elf knights
  6 shadow wraiths
  A spectral spriggan (D:15)
  A storm dragon skeleton (Crypt:1)
  20 deep trolls
  A deep troll (shapeshifter) (Vaults:2)
  9 sea snakes
  3 unseen horrors
  4 flayed ghosts
  28 skeletal warriors
  6 naga ritualists
  A gelid demonspawn (Depths:3)
  3 glowing orange brains
  4 lindwurms (Snake:4)
  20 deep elf archers
  10 wizards
  21 orc knights
  2 orange crystal statues (Zot:1)
  A wolf spider zombie (D:12)
  12 ironbrand convokers
  A harpy (shapeshifter) (Elf:3)
  10 phantasmal warriors
  A swamp dragon (shapeshifter) (Vaults:5)
  8 necromancers
  4 golden dragon skeletons (Crypt:3)
  16 harpies
  5 oklob plants (Zot:1)
  2 orc sorcerers
  44 ugly things
  13 mana vipers
  88 deep elf magi
  11 fauns
  A fire giant zombie (Vaults:5)
  11 manticores
  2 wolf spiders
  A wolf spider (shapeshifter) (Vaults:5)
  3 tengu skeletons
  12 salamanders
  8 cyclopes
  5 moths of wrath
  5 centaur zombies (D:12)
  2 iron dragon skeletons (Crypt:3)
  12 merfolk sirens
  A stone giant skeleton (Crypt:3)
  9 guardian serpents
  Psyche (D:8)
  Joseph (D:8)
  9 elephants
  A titan simulacrum (Vaults:5)
  An elephant (shapeshifter) (Depths:3)
  18 naga magi
  40 black mambas
  A rust devil (Depths:3)
  2 torpor snails
  4 water nymphs
  A gargoyle (D:12)
  24 vault sentinels
  A guardian serpent (shapeshifter) (Vaults:1)
  An elf skeleton (Vaults:5)
  2 frost giant skeletons
  2 ice statues (Depths:4)
  31 spiny frogs
  A smoke demon (Depths:3)
  3 efreet
  2 yaktaur zombies (Vaults:5)
  A shock serpent skeleton (Crypt:1)
  11 yaktaurs
  A yaktaur (shapeshifter) (Vaults:2)
  6 ice devils
  8 komodo dragons
  10 freezing wraiths
  2 rime drakes
  A komodo dragon (shapeshifter) (Depths:2)
  A green draconian zombie (Crypt:2)
  4 guardian mummies (Crypt:3)
  2 kobold demonologists
  A grey draconian skeleton (Crypt:2)
  A minotaur zombie (Lab)
  A green draconian skeleton (Crypt:3)
  2 jumping spiders
  A human skeleton (Vaults:5)
  25 merfolk
  4 trolls
  11 polar bears
  3 meliai (D:13)
  A death drake zombie (Crypt:1)
  5 tyrant leeches
  A merfolk (shapeshifter) (Vaults:2)
  A polar bear (shapeshifter) (Vaults:3)
  A wind drake (shapeshifter) (Vaults:1)
  3 tengu conjurers
  4 wind drakes
  Prince Ribbit (D:8)
  A moth of wrath zombie (Crypt:2)
  4 dream sheep
  4 meliai zombies (D:12)
  A bog body (Crypt:3)
  8 hornets
  A minotaur skeleton (Lab)
  A deep troll zombie (Depths:1)
  An ettin zombie (Vaults:5)
  3 ice dragon zombies
  37 slime creatures
  A harpy skeleton (Crypt:3)
  19 blink frogs
  A centaur simulacrum (D:15)
  4 snapping turtles
  16 hippogriffs
  4 redbacks
  A guardian serpent skeleton (Crypt:1)
  2 spriggans
  2 shadows (D:12)
  A tarantella (Vaults:4)
  3 air elementals (Elf:1)
  22 flying skulls
  A spriggan (shapeshifter) (Depths:5)
  2 yaks (shapeshifter)
  22 water elementals
  2 ice dragon skeletons (Crypt:3)
  3 wyverns
  65 yaks
  2 basilisks
  4 fire bats (D:10)
  14 wraiths
  A human (D:8)
  An ettin skeleton (Crypt:3)
  2 yaktaur simulacra
  A fire elemental (Elf:2)
  Grum (D:8)
  7 hungry ghosts
  6 vampire mosquitoes
  31 nagas
  9 wargs
  A soldier ant (D:14)
  A soldier ant (shapeshifter) (Depths:1)
  13 water moccasins
  A hell hound (D:10)
  3 acid dragons
  7 porcupines
  2 floating eyes (Depths:5)
  52 orc warriors
  A spiny frog skeleton (Crypt:3)
  A hornet zombie (D:12)
  4 sky beasts
  2 ice beasts (D:14)
  2 phantoms (D:13)
  An elephant zombie (Crypt:1)
  4 boggarts (Depths:2)
  A black bear (D:9)
  An eye of draining (shapeshifter) (Elf:3)
  An ettin simulacrum (Vaults:2)
  An eye of draining (D:14)
  18 wolves
  8 centaurs
  3 necrophages (Crypt:2)
  A wolf (shapeshifter) (Depths:2)
  31 ogres
  A manticore skeleton (Crypt:3)
  A snapping turtle skeleton (Crypt:3)
  17 crocodiles
  A hog skeleton (Crypt:1)
  A komodo dragon zombie (Crypt:3)
  6 big kobolds
  27 bullfrogs
  A gnoll sergeant (D:5)
  5 earth elementals
  A draconian skeleton (Crypt:1)
  A wyvern zombie (D:11)
  A salamander skeleton (Crypt:2)
  5 wyvern skeletons
  7 scorpions
  A raiju zombie (Crypt:3)
  A warg skeleton (Crypt:3)
  37 wights
  A raiju skeleton (Crypt:1)
  A howler monkey (D:12)
  6 bullfrog zombies
  8 crimson imps
  7 lava snakes
  6 hounds
  2 bullfrog skeletons
  A gnoll shaman (D:8)
  10 jellies
  24 orc priests
  22 orc wizards
  3 centaur skeletons
  3 iguanas
  A lightning spire (Zot:1)
  13 worker ants
  A killer bee zombie (D:10)
  2 hound skeletons
  14 mummies
  A howler monkey zombie (Crypt:2)
  Robin (D:4)
  18 gnolls
  12 adders
  5 shadow imps
  12 oozes
  An adder zombie (D:5)
  4 adder skeletons
  5 worms
  A dart slug (D:2)
  10 leopard geckos
  103 orcs
  4 bats
  4 giant cockroaches
  23 goblins
  12 hobgoblins
  2 jackals (D:2)
  5 quokkas
  8 ball pythons
  10 frilled lizards
  2 gnoll skeletons (Ossuary)
  A goblin skeleton (Ossuary)
  2 goblin zombies
  A hobgoblin skeleton (Crypt:3)
  A hobgoblin zombie (D:7)
  A jackal skeleton (Crypt:2)
  A jackal zombie (D:8)
  A kobold (shapeshifter) (Vaults:5)
  34 kobolds
  3 kobold skeletons (Ossuary)
  A kobold zombie (Crypt:1)
  A leopard gecko skeleton (D:9)
  2 orc skeletons (Ossuary)
  A quokka skeleton (D:7)
  9 rats
  11 rat skeletons (Ossuary)
  2 butterflies
  2 crawling corpses
  3 fire vortices (D:10)
  A fulminant prism (D:11)
  4 fungi
  22 plants (D:10)
  2 tentacles (Shoals:1)
2453 creatures vanquished.

Vanquished Creatures (others)
  A very ugly thing (Depths:1)
  An ogre mage (Vaults:3)
  A faun (Shoals:4)
  4 polar bears (IceCv)
  202 fulminant prisms
  23 fungi
  62 plants
  2 tentacles (Shoals:1)
296 creatures vanquished.

Grand Total: 2749 creatures vanquished

Notes
Turn   | Place    | Note
-------+----------+-------------------------------------------
     0 | D:1      | KamiKatze the Spriggan Conjurer began the quest for the Orb.
     0 | D:1      | Reached XP level 1. HP: 9/9 MP: 5/5
   250 | D:1      | Reached skill level 3 in Spellcasting
   258 | D:1      | Reached XP level 2. HP: 10/13 MP: 7/7
   263 | D:1      | Learned a level 2 spell: Searing Ray
   817 | D:2      | Reached XP level 3. HP: 9/16 MP: 5/9
   823 | D:2      | Learned a level 3 spell: Dazzling Spray
   936 | D:2      | Reached XP level 4. HP: 17/21 MP: 0/10
  1123 | D:2      | Reached skill level 1 in Hexes
  1240 | D:2      | Found a white marble altar of Elyvilon.
  1331 | D:2      | Noticed a dagger
  1332 | D:2      | Noticed a hand axe
  1333 | D:2      | Found a hide-covered altar of Uskayaw.
  1844 | D:3      | Reached skill level 4 in Spellcasting
  1996 | D:3      | Reached XP level 5. HP: 24/24 MP: 0/12
  2397 | D:3      | Learned a level 4 spell: Iskenderun's Mystic Blast
  2757 | D:4      | Found a deep blue altar of Sif Muna.
  2757 | D:4      | Found a shimmering altar of Xom.
  2903 | D:4      | HP: 1/24 [iguana (10)]
  2936 | D:4      | Reached XP level 6. HP: 4/28 MP: 0/13
  3556 | D:4      | Reached skill level 5 in Spellcasting
  3740 | D:4      | Reached skill level 5 in Conjurations
  4046 | D:4      | Noticed Robin
  4057 | D:4      | Killed Robin
  4296 | D:4      | Reached XP level 7. HP: 32/32 MP: 8/15
  4306 | D:4      | Learned a level 4 spell: Fulminant Prism
  4690 | D:5      | Entered Level 5 of the Dungeon
  5031 | D:5      | Found a radiant altar of Vehumet.
  5091 | D:5      | Became a worshipper of Vehumet
  5104 | D:5      | Reached skill level 6 in Spellcasting
  5486 | D:5      | Reached XP level 8. HP: 36/36 MP: 10/18
  5751 | D:5      | Found a shattered altar of Ashenzari.
  5791 | D:5      | Learned a level 4 spell: Force Lance
  5956 | D:6      | Reached skill level 5 in Hexes
  6229 | D:6      | Reached skill level 1 in Translocations
  6548 | D:6      | Found Gidoutte's Antique Armour Shoppe.
  6957 | D:7      | Found a sand-covered staircase.
  6992 | Ossuary  | Entered an ossuary
  7522 | Ossuary  | Reached skill level 7 in Spellcasting
  7629 | Ossuary  | Reached * piety under Vehumet
  7629 | Ossuary  | Offered knowledge of Flame Tongue by Vehumet.
  8310 | D:7      | Found Neocev's Distillery.
  8322 | D:7      | Reached XP level 9. HP: 37/39 MP: 7/21
  8957 | D:7      | Reached skill level 5 in Translocations
  9129 | D:7      | Found a staircase to the Ecumenical Temple.
  9137 | Temple   | Entered the Ecumenical Temple
  9283 | D:7      | Offered knowledge of Throw Frost by Vehumet.
  9498 | D:8      | Reached ** piety under Vehumet
  9507 | D:8      | HP: 1/39 [wolf[Grum] (4)]
  9508 | D:8      | Reached skill level 8 in Spellcasting
  9899 | D:8      | Noticed Grum
  9924 | D:8      | Killed Grum
 10050 | D:8      | Noticed Erica
 10130 | D:8      | Noticed Ulv's ghost (novice BaFi)
 10367 | D:8      | Noticed Prince Ribbit
 10552 | D:8      | Noticed Joseph
 10851 | D:7      | Killed Erica
 10851 | D:7      | Reached skill level 9 in Spellcasting
 11013 | D:8      | Killed Joseph
 11013 | D:8      | Reached XP level 10. HP: 36/44 MP: 3/24
 11051 | D:8      | Found Uthot Nesarr's Gadget Boutique.
 11205 | D:8      | Killed Prince Ribbit
 11284 | D:8      | Noticed Psyche
 11402 | D:8      | Killed Psyche
 13221 | D:9      | Noticed a two-headed ogre
 13244 | D:8      | Killed a two-headed ogre
 13244 | D:8      | Reached skill level 10 in Spellcasting
 13868 | D:10     | Entered Level 10 of the Dungeon
 13924 | D:10     | Found Ymuarr's Antique Armour Shop.
 13927 | D:10     | Bought a wizard robe for 159 gold pieces
 13939 | D:10     | Identified the cursed +1 robe of Defence {rPois rN+ rCorr Int+3} (You bought it in a shop on level 10 of the Dungeon)
 13984 | D:10     | Offered knowledge of Conjure Flame by Vehumet.
 14071 | D:10     | Noticed BrokenGlass's ghost (journeyman OpFi)
 14112 | D:9      | Noticed a two-headed ogre
 14126 | D:9      | Killed a two-headed ogre
 14753 | D:10     | Found Nyunij's Food Boutique.
 14778 | D:10     | Found Tibi's Antique Weapon Shop.
 14829 | D:10     | Found a staircase to the Lair.
 14861 | D:10     | Reached skill level 10 in Conjurations
 15177 | D:10     | Killed BrokenGlass's ghost
 15177 | D:10     | Reached XP level 11. HP: 27/47 MP: 17/26
 15668 | D:11     | Reached skill level 11 in Spellcasting
 15739 | D:11     | Reached *** piety under Vehumet
 15807 | D:11     | Noticed Gastronok
 15868 | D:11     | Noticed Sonja
 16171 | Lair:1   | Entered Level 1 of the Lair of Beasts
 16409 | Lair:1   | Reached skill level 1 in Fighting
 17164 | Lair:1   | Offered knowledge of Ignite Poison by Vehumet.
 17164 | Lair:1   | Reached skill level 5 in Dodging
 17552 | Lair:2   | Noticed an eight-headed hydra
 17833 | Lair:1   | Killed an eight-headed hydra
 18191 | Lair:2   | Found a staircase to the Snake Pit.
 18335 | Lair:2   | Found a staircase to the Shoals.
 18530 | Lair:2   | Reached XP level 12. HP: 56/56 MP: 19/28
 18725 | Lair:2   | Reached **** piety under Vehumet
 18725 | Lair:2   | Reached skill level 12 in Spellcasting
 19306 | Lair:3   | Offered knowledge of Bolt of Draining by Vehumet.
 19652 | Lair:3   | Learned a level 5 spell: Bolt of Draining
 19747 | Lair:3   | Identified the Grimoire of Conjuration
 19812 | Lair:3   | Reached skill level 1 in Necromancy
 21325 | Lair:4   | Noticed a seven-headed hydra
 21335 | Lair:4   | Killed a seven-headed hydra
 21511 | Lair:4   | Noticed a death yak
 21558 | Lair:4   | Killed a death yak
 21558 | Lair:4   | Reached ***** piety under Vehumet
 21558 | Lair:4   | Offered knowledge of Olgreb's Toxic Radiance by Vehumet.
 21750 | Lair:4   | Reached XP level 13. HP: 61/61 MP: 8/30
 21920 | Lair:4   | Reached skill level 13 in Spellcasting
 22359 | Lair:5   | Found a labyrinth entrance.
 22370 | Lab      | Entered a labyrinth
 23884 | Lab      | Noticed a minotaur
 23887 | Lab      | Killed a minotaur
 24165 | Lab      | Identified a scroll of acquirement
 24369 | Lair:5   | Reached skill level 10 in Dodging
 25352 | Lair:6   | Entered Level 6 of the Lair of Beasts
 25807 | Lair:6   | Reached skill level 14 in Spellcasting
 25809 | Lair:6   | Reached skill level 5 in Necromancy
 25826 | Lair:6   | Offered knowledge of Bolt of Cold by Vehumet.
 27342 | Lair:5   | Reached XP level 14. HP: 65/67 MP: 13/33
 27594 | Lair:6   | Reached skill level 1 in Evocations
 27619 | Lair:6   | Found a viscous altar of Jiyva.
 27619 | Lair:6   | Found a staircase to the Slime Pits.
 28608 | Lair:6   | Reached skill level 5 in Fighting
 28852 | Lair:6   | Got a warped iron amulet
 28934 | Lair:6   | Identified the amulet of the Lily {RegenMP Int+3 Dex+4 Stlth+} (You found it on level 6 of the Lair of Beasts)
 29189 | D:11     | Found a shadowy altar of Dithmenos.
 29201 | D:11     | Found a staircase to the Orcish Mines.
 29307 | D:11     | Killed Sonja
 29307 | D:11     | Offered knowledge of Freezing Cloud by Vehumet.
 29426 | D:11     | Noticed Josephine
 29463 | D:11     | Killed Josephine
 29733 | D:11     | Noticed Snorg
 29779 | D:11     | Killed Snorg
 30051 | D:11     | Killed Gastronok
 30152 | Orc:1    | Entered Level 1 of the Orcish Mines
 30239 | Orc:1    | Found an iron altar of Okawaru.
 30291 | Orc:1    | Found Oteyg's Antique Armour Shoppe.
 30511 | Orc:2    | Entered Level 2 of the Orcish Mines
 30542 | Orc:2    | Noticed Erolcha
 30545 | Orc:2    | Killed Erolcha
 30545 | Orc:2    | Reached skill level 15 in Spellcasting
 30546 | Orc:2    | Found Nevvyclu's General Store.
 30913 | Orc:2    | Found a roughly hewn altar of Beogh.
 31179 | Orc:2    | Found a roughly hewn altar of Beogh.
 31195 | Orc:2    | Found a roughly hewn altar of Beogh.
 31380 | Orc:2    | Found a roughly hewn altar of Beogh.
 31627 | Orc:2    | Found a roughly hewn altar of Beogh.
 31628 | Orc:2    | Found Jiuzabij's Magic Scroll Shoppe.
 31759 | Orc:2    | Found a roughly hewn altar of Beogh.
 31765 | Orc:2    | Found Meckacen's General Store.
 31829 | Orc:2    | Found a staircase to the Elven Halls.
 31842 | Orc:2    | Found a roughly hewn altar of Beogh.
 31884 | Orc:2    | Found a roughly hewn altar of Beogh.
 32065 | Orc:2    | Noticed Saint Roka
 32384 | Orc:2    | Killed Saint Roka
 32519 | Orc:2    | Found Houji's Antique Weapon Emporium.
 32520 | Orc:2    | Found a roughly hewn altar of Beogh.
 32522 | Orc:2    | Found Dyfanulo's Antique Armour Shoppe.
 32546 | Orc:2    | Bought an embroidered scarf for 256 gold pieces
 33565 | D:12     | Offered knowledge of Conjure Ball Lightning by Vehumet.
 33884 | D:12     | Reached XP level 15. HP: 72/73 MP: 16/35
 34088 | D:12     | Reached skill level 16 in Spellcasting
 34331 | D:13     | Found a flagged portal.
 34372 | Bailey   | Entered a bailey
 34407 | Bailey   | Noticed an orc warlord
 34541 | Bailey   | Found a runed gate.
 34543 | Bailey   | Found a runed gate.
 34545 | Bailey   | Found a runed gate.
 34683 | Bailey   | Killed an orc warlord
 34765 | Bailey   | Got a twisted cloak
 34776 | Bailey   | Identified the -3 cloak of Midnight {rF++ MR- rCorr Dex+3} (You acquired it in a bailey)
 34792 | D:13     | Reached ****** piety under Vehumet
 35310 | D:13     | Offered knowledge of Ozocubu's Refrigeration by Vehumet.
 35896 | D:14     | Noticed VanClaymore's ghost (journeyman GrMo)
 36015 | D:14     | Found a frozen archway.
 36027 | IceCv    | Entered an ice cave
 36738 | IceCv    | Noticed a frost giant
 36803 | IceCv    | Killed a frost giant
 36937 | IceCv    | Got a clouded pewter ring
 36953 | IceCv    | Identified the ring of Hotroh {rPois Str+4 Int+4} (You found it in an ice cave)
 37076 | D:14     | Killed VanClaymore's ghost
 37472 | D:14     | Found Etzoul's Food Emporium.
 37543 | D:14     | Reached skill level 17 in Spellcasting
 37573 | D:14     | Found a gate to the Vaults.
 37892 | D:14     | Offered knowledge of Spellforged Servitor by Vehumet.
 38212 | D:15     | Entered Level 15 of the Dungeon
 39106 | D:15     | Reached XP level 16. HP: 76/80 MP: 21/38
 39260 | Lair:1   | Learned a level 8 spell: Lehudib's Crystal Spear
 39260 | Lair:1   | Reached XP level 17. HP: 84/84 MP: 39/39
 39568 | D:15     | Reached skill level 5 in Earth Magic
 39832 | D:15     | Found a staircase to the Depths.
 40191 | D:15     | Found an opulent altar of Gozag.
 40876 | Snake:1  | Entered Level 1 of the Snake Pit
 41480 | Snake:1  | Offered knowledge of Iron Shot by Vehumet.
 41489 | Snake:1  | Learned a level 6 spell: Iron Shot
 41596 | Snake:1  | Found a shadowy altar of Dithmenos.
 43121 | Snake:2  | Reached skill level 15 in Conjurations
 44644 | Snake:3  | Reached skill level 18 in Spellcasting
 45948 | Snake:4  | Entered Level 4 of the Snake Pit
 46223 | Snake:4  | Reached XP level 18. HP: 90/90 MP: 30/41
 46224 | Snake:4  | Reached XP level 19. HP: 93/93 MP: 30/42
 46286 | Snake:4  | Reached skill level 10 in Earth Magic
 47325 | Snake:4  | Offered knowledge of Shatter by Vehumet.
 47325 | Snake:4  | Offered knowledge of Chain Lightning by Vehumet.
 47325 | Snake:4  | Offered knowledge of Tornado by Vehumet.
 47863 | Snake:4  | Learned a level 9 spell: Shatter
 49863 | Snake:4  | Got a serpentine rune of Zot
 50067 | Lair:1   | Learned a level 5 spell: Lee's Rapid Deconstruction
 50074 | Lair:1   | Learned a level 4 spell: Passage of Golubria
 50276 | Shoals:1 | Entered Level 1 of the Shoals
 51698 | Shoals:2 | Got a slimy ivory amulet
 51699 | Shoals:2 | Identified the amulet "Xufarch" {RegenMP rF+ rC+} (You found it on level 2 of the Shoals)
 52311 | Shoals:3 | Reached skill level 19 in Spellcasting
 52495 | Shoals:3 | Noticed Jorgrun
 52858 | Shoals:3 | Noticed Louise
 52864 | Shoals:3 | Killed Louise
 52864 | Shoals:3 | Reached XP level 20. HP: 98/98 MP: 15/44
 53003 | Shoals:3 | Killed Jorgrun
 53556 | Shoals:4 | Entered Level 4 of the Shoals
 53558 | Shoals:4 | Noticed Polyphemus
 53648 | Shoals:4 | Noticed Mara
 53856 | Shoals:4 | Killed Polyphemus
 53987 | Shoals:4 | Noticed Aizul
 54129 | Shoals:4 | Killed Aizul
 54559 | Shoals:4 | Noticed Ilsuiw
 54566 | Shoals:4 | Killed Ilsuiw
 55303 | Shoals:4 | Got a barnacled rune of Zot
 56085 | Shoals:4 | Identified the Grimoire of Quantum Toxins
 56252 | Shoals:4 | Killed Mara
 56304 | Shoals:4 | Learned a level 1 spell: Apportation
 56329 | Shoals:4 | Noticed Donald
 56333 | Shoals:4 | Killed Donald
 56989 | Orc:2    | Bought a scroll of magic mapping for 45 gold pieces
 57010 | Orc:2    | Bought a scroll of magic mapping for 56 gold pieces
 57146 | Vaults:1 | Entered Level 1 of the Vaults
 59531 | Vaults:2 | Noticed Xtahua
 59536 | Vaults:2 | Killed Xtahua
 59808 | Vaults:2 | Reached XP level 21. HP: 102/102 MP: 29/45
 60087 | Vaults:2 | Reached skill level 20 in Spellcasting
 62042 | Vaults:2 | Reached skill level 15 in Earth Magic
 62571 | Vaults:3 | Found a staircase to the Crypt.
 63453 | Vaults:3 | Noticed Boris
 63456 | Vaults:3 | Killed Boris
 64528 | Vaults:4 | Reached XP level 22. HP: 97/109 MP: 2/47
 64831 | Vaults:4 | Found Eskyoqai's Jewellery Shoppe.
 64949 | Vaults:4 | Bought a +4 ring of protection for 504 gold pieces
 64992 | Vaults:4 | Noticed Mennas
 65114 | Vaults:4 | Killed Mennas
 65114 | Vaults:4 | Reached skill level 10 in Fighting
 66403 | Elf:1    | Entered Level 1 of the Elven Halls
 66726 | Elf:1    | Identified the Compendium of the Sea
 66761 | Elf:1    | Found Tocviymo's Magic Scroll Boutique.
 66773 | Elf:1    | Bought a scroll of fog for 28 gold pieces
 68671 | Elf:2    | Reached skill level 21 in Spellcasting
 69239 | Elf:2    | Reached skill level 15 in Dodging
 69371 | Elf:2    | Found a huge runed gate.
 69371 | Elf:2    | Found a huge runed gate.
 69371 | Elf:2    | Found a huge runed gate.
 69371 | Elf:2    | Found a huge runed gate.
 69371 | Elf:2    | Found a huge runed gate.
 69833 | Elf:2    | Noticed BrokenGlass's ghost (adept OpEE)
 69845 | Elf:2    | Killed BrokenGlass's ghost
 70716 | Depths:1 | Entered Level 1 of the Depths
 71293 | Depths:1 | Reached XP level 23. HP: 94/115 MP: 22/49
 71722 | Depths:1 | Noticed Bai Suzhen
 71726 | Depths:1 | Killed Bai Suzhen
 72366 | Depths:1 | Found a gateway to Hell.
 72763 | Depths:1 | Found Zuvar's Gadget Shop.
 72764 | Depths:1 | Found Zentuec's Jewellery Emporium.
 72765 | Depths:1 | Found Kak Jer's Gadget Shop.
 72971 | Depths:1 | Got a sparkling turquoise ring
 73066 | Depths:1 | Identified the Disquisition on Black Arts
 73072 | Depths:1 | Learned a level 3 spell: Regeneration
 73340 | Depths:1 | Identified the cursed ring "Hucliheph" {MR+ EV-3} (You took it off a centaur warrior on level 1 of the Depths)
 73684 | Depths:2 | Noticed a caustic shrike
 73686 | Depths:2 | Killed a caustic shrike
 73725 | Depths:2 | Found a transporter.
 73726 | Depths:2 | Found a deep blue altar of Sif Muna.
 74910 | Depths:3 | Found a hide-covered altar of Uskayaw.
 75026 | Depths:3 | Found Voitoi's Jewellery Boutique.
 75924 | Depths:3 | Found a one-way gate leading to the halls of Pandemonium.
 75959 | Depths:3 | Found a one-way gate to the infinite horrors of the Abyss.
 77319 | Depths:4 | Noticed Boris
 77328 | Depths:4 | Killed Boris
 77421 | Depths:4 | Noticed Jory
 77429 | Depths:4 | Killed Jory
 78092 | Depths:4 | Reached XP level 24. HP: 120/120 MP: 34/49
 78576 | Depths:4 | Noticed an ancient lich
 78605 | Depths:4 | Killed an ancient lich
 78664 | Depths:4 | Identified the Guide on Earth and Summoning
 79077 | Depths:5 | Entered Level 5 of the Depths
 79120 | Depths:5 | Reached skill level 22 in Spellcasting
 79352 | Depths:4 | Got a pitted bronze ring
 79357 | Depths:4 | Identified the cursed ring of the Morning {*Corrode rF+ MP+9 Str-2} (You took it off a deep elf death mage on level 4 of the Depths)
 79525 | Depths:5 | Found a hide-covered altar of Uskayaw.
 79572 | Depths:5 | Got a fine short sword
 79573 | Depths:5 | Identified the cursed +0 short sword "Odanuown" {pierce, MR+} (You found it on level 5 of the Depths)
 80414 | Depths:5 | Noticed a juggernaut
 80439 | Depths:5 | Killed a juggernaut
 81011 | Depths:5 | Got a shimmering silver ring
 81014 | Depths:5 | Identified the ring of Vozic {rElec rPois MP-9 Dex+3 Stlth-} (You found it on level 5 of the Depths)
 81034 | Depths:5 | Found a gateway to a ziggurat.
 81127 | Depths:5 | Found a gate to the Realm of Zot.
 81427 | Depths:5 | Got a pitted amber ring
 81430 | Depths:5 | Identified the ring of the Traitor {rC++ Str+3} (You took it off a vampire mage on level 5 of the Depths)
 81885 | Elf:3    | Entered Level 3 of the Elven Halls
 82179 | Elf:3    | Found Mitre's Assorted Antiques.
 82460 | Elf:3    | Reached XP level 25. HP: 124/124 MP: 28/50
 83383 | Elf:3    | Reached XP level 26. HP: 130/130 MP: 48/50
 83738 | Elf:3    | Reached skill level 23 in Spellcasting
 83862 | Elf:3    | Got an ichor-stained mace {freeze}
 83865 | Elf:3    | Identified the cursed +1 mace of Macicy {freeze, Str+2 Int+4} (You took it off a deep elf sorcerer on level 3 of the Elven Halls)
 83876 | Elf:3    | Got an iridescent long sword {freeze}
 83877 | Elf:3    | Identified the +3 long sword "Talacluath" {freeze, rPois MR+ Stlth+} (You took it off a deep elf annihilator on level 3 of the Elven Halls)
 83883 | Elf:3    | Got a faintly glowing zirconium amulet
 83948 | Elf:3    | Identified the amulet "Hukkabre" {+Blink rPois Regen+ Int+3} (You took it off a deep elf death mage on level 3 of the Elven Halls)
 83962 | Elf:3    | Identified the Papyrus of the Escort
 84005 | Elf:3    | Got a brightly glowing hunting sling
 84006 | Elf:3    | Identified the +6 hunting sling of Obsession {freeze, +Blink Str-2 Dex+5} (You found it on level 3 of the Elven Halls)
 84066 | Elf:3    | Got a shimmering whip
 84067 | Elf:3    | Identified the +2 whip "Kecsouro" {freeze, +Rage +Fly rC- Dex+2} (You found it on level 3 of the Elven Halls)
 84338 | Lair:1   | Learned a level 8 spell: Chain Lightning
 84574 | Crypt:1  | Entered Level 1 of the Crypt
 85973 | Crypt:2  | Reached skill level 1 in Air Magic
 86890 | Crypt:3  | Entered Level 3 of the Crypt
 87038 | Crypt:2  | Reached skill level 5 in Air Magic
 88054 | Crypt:3  | Found the +3 giant club "Skullcrusher" {speed, Str+7}
 88185 | Crypt:3  | Found a staircase to the Tomb.
 89752 | Crypt:3  | Noticed an ancient lich
 89757 | Crypt:3  | Killed an ancient lich
 89771 | Crypt:3  | Reached XP level 27. HP: 134/134 MP: 21/51
 90643 | Vaults:5 | Entered Level 5 of the Vaults
 90813 | Vaults:5 | Noticed Boris
 90814 | Vaults:5 | Reached skill level 24 in Spellcasting
 90814 | Vaults:5 | Killed Boris
 91694 | Vaults:5 | Reached skill level 10 in Air Magic
 91849 | Vaults:5 | Got an encrusted falchion {venom}
 91850 | Vaults:5 | Identified the cursed +1 falchion "Femeamex" {venom, Str+4 Int+4} (You took it off a yaktaur captain on level 5 of the Vaults)
 91986 | Vaults:5 | Identified the Collected Works on Ghastly Flames
 92235 | Vaults:5 | Identified the Papyrus of Ashen Protection
 92539 | Vaults:5 | Got a silver rune of Zot
 93622 | Zot:1    | Entered Level 1 of the Realm of Zot
 95808 | Zot:2    | Reached skill level 25 in Spellcasting
 95828 | Zot:1    | Demolished by a death cob

Skill      XL: |  1  2  3  4  5  6  7  8  9 10 11 12 13 14 15 16 17 18 19 20 21 22 23 24 25 26 27 |
---------------+----------------------------------------------------------------------------------+-----
Conjurations   | 3 4 5 6 8 10 11 12 13 14 15 16 17 18 19 20 21 | 21.3
Spellcasting   | 3 4 5 6 7 9 10 11 12 14 15 17 18 19 20 21 22 23 25 | 25.0
Hexes          | 1 2 3 4 6 7 8 |  8.0
Translocations | 4 5 6 |  6.0
Fighting       | 3 4 6 7 8 9 10 | 10.6
Dodging        | 6 9 10 12 13 14 15 18 19 | 19.4
Necromancy     | 4 5 6 |  6.0
Evocations     | 2 |  2.0
Earth Magic    | 4 8 9 12 14 15 16 17 18 19 20 | 20.8
Air Magic      | 7 11 | 11.4
Stealth        | |  3.0

Action                   |  1- 3 |  4- 6 |  7- 9 | 10-12 | 13-15 | 16-18 | 19-21 | 22-24 | 25-27 || total
-------------------------+-------+-------+-------+-------+-------+-------+-------+-------+-------++-------
Melee: Dagger            |    48 |    77 |   161 |    90 |   236 |       |     2 |       |       ||   614
       Staff             |       |       |       |       |    15 |     1 |     5 |    13 |     2 ||    36
 Cast: Magic Dart        |    43 |   149 |   141 |   206 |   258 |    26 |    17 |     2 |     5 ||   847
       Searing Ray       |     1 |    22 |    70 |   102 |   109 |     2 |     9 |       |     4 ||   319
       Iskenderun's Myst |       |       |    14 |   106 |   415 |   174 |   590 |   205 |   111 ||  1615
       Fulminant Prism   |       |       |     6 |    57 |    80 |    12 |    18 |     8 |    22 ||   203
       Dazzling Spray    |       |       |     3 |    16 |    14 |       |       |       |       ||    33
       Force Lance       |       |       |       |     9 |    44 |    16 |    40 |    61 |    32 ||   202
       Bolt of Draining  |       |       |       |       |   155 |   174 |   449 |   200 |    83 ||  1061
       Iron Shot         |       |       |       |       |       |     4 |   147 |   262 |   204 ||   617
       Passage of Golubr |       |       |       |       |       |       |     3 |       |       ||     3
       Lee's Rapid Decon |       |       |       |       |       |       |    38 |   279 |   309 ||   626
       Lehudib's Crystal |       |       |       |       |       |       |    22 |    73 |    21 ||   116
       Regeneration      |       |       |       |       |       |       |       |    16 |    20 ||    36
       Shatter           |       |       |       |       |       |       |       |       |    26 ||    26
Evoke: Wand              |       |       |       |     5 |     4 |       |       |       |    15 ||    24
       Crystal ball of e |       |       |       |       |     3 |       |       |       |       ||     3
  Use: Scroll            |       |     5 |     7 |     8 |    23 |     4 |     5 |     9 |    16 ||    77
       Potion            |       |       |     1 |       |     1 |     2 |     1 |     1 |     7 ||    13
 Stab: Sleeping          |     3 |     5 |    19 |     1 |     3 |       |     2 |       |       ||    33
  Eat: Ration            |       |     1 |     4 |     6 |     7 |     3 |    12 |     9 |     8 ||    50
Armor: Robe              |     2 |     4 |    12 |     8 |    16 |       |     1 |    17 |     7 ||    67
Dodge: Dodged            |    34 |    63 |   148 |   228 |   642 |    97 |   355 |   329 |   235 ||  2131
       Deflected         |       |       |       |       |     5 |    13 |    55 |    26 |    15 ||   114
